 Dungeon Crawl Stone Soup version 0.23-a0-488-g5fd82c5 (webtiles) character file.

132395 MalarOregon the Impaler (level 16, 0/134 HPs)
             Began as a Merfolk Gladiator on Dec 2, 2018.
             Was a High Priest of Ashenzari.
             Slain by a shock serpent (12 damage)
             ... on level 2 of the Snake Pit.
             The game lasted 01:30:41 (32251 turns).

MalarOregon the Impaler (Merfolk Gladiator)        Turns: 32251, Time: 01:30:42

Health: 0/134      AC: 38    Str: 14    XL:     16   Next: 79%
Magic:  28/28      EV: 10    Int: 14    God:    Ashenzari [*****.]
Gold:   1145       SH:  9    Dex: 19    Spells: 6/32 levels left

rFire    . . .     SeeInvis +   H - +1 demon trident (freeze) (curse)
rCold    + . .     Gourm    .   O - +3 buckler (curse)
rNeg     . . .     Faith    .   t - +9 plate armour "Wulup" {rPois}
rPois    +         Spirit   .   Z - +1 helmet
rElec    .         Reflect  .   N - +2 cloak
rCorr    .         Harm     .   A - +2 pair of gloves {Dex+3} (curse)
MR       +....     Clarity  +   n - +2 pair of boots {Stlth+} (curse)
Stlth    ..........             W - amulet of rage
HPRegen  0.32/turn              E - +4 ring of protection (curse)
MPRegen  0.21/turn              o - ring of protection from cold

@: very slightly contaminated, studying Charms
A: change form in water, swift swim, stealthy swim
}: 1/15 runes: barnacled
a: Curse Item, Scrying, Transfer Knowledge, Renounce Religion, Evoke Berserk
Rage


You were on level 2 of the Snake Pit.
You worshipped Ashenzari.
Ashenzari was extremely pleased with you.
You were not hungry.

You visited 5 branches of the dungeon, and saw 23 of its levels.
You also visited: Ossuary.

You collected 1508 gold pieces.
You spent 363 gold pieces at shops.

Inventory:

Hand Weapons
 H - a cursed +1 demon trident of freezing (weapon)
   (You took it off Louise on level 1 of the Shoals)
 X - a +1 demon trident of flaming
   (You took it off a merfolk impaler on level 3 of the Shoals)
Missiles
 d - 17 throwing nets {!f}
 f - 28 javelins (quivered)
 M - 17 steel javelins
Armour
 g - the +5 ring mail "Foapnuxo" {Str+4 Int+2}
   (You bought it in a shop on level 8 of the Dungeon)

   It affects your strength (+4).
   It affects your intelligence (+2).
 n - a cursed +2 pair of boots of stealth (worn)
   (You found it on level 3 of the Dungeon)
 t - the +9 plate armour "Wulup" (worn) {rPois}
   (You took it off a merfolk on level 4 of the Shoals)

   It protects you from poison.
 A - a cursed +2 pair of gloves of dexterity (worn)
   (You bought it in a shop on level 8 of the Dungeon)
 N - a +2 cloak (worn)
   (You found it on level 1 of the Lair of Beasts)
 O - a cursed +3 buckler (worn)
   (You found it on level 2 of the Dungeon)
 Z - a +1 helmet (worn)
   (You found it on level 1 of the Snake Pit)
Jewellery
 a - an uncursed ring of protection from magic
   (You found it on level 1 of the Lair of Beasts)
 o - a ring of protection from cold (right hand)
   (You found it on level 1 of the Dungeon)
 r - an uncursed ring of positive energy
   (You found it on level 6 of the Dungeon)
 E - a cursed +4 ring of protection (left hand)
   (You found it on level 4 of the Lair of Beasts)
 K - an uncursed ring of flight
   (You found it on level 4 of the Shoals)
 R - an uncursed ring of ice
   (You took it off Fannar on level 3 of the Lair of Beasts)
 T - the ring "Haatwul" {rElec SInv}
   (You took it off a merfolk on level 4 of the Shoals)

   [ring of see invisible]

   It insulates you from electricity.
   It lets you see invisible.
 W - an amulet of rage (around neck)
   (You found it on level 2 of the Shoals)
Wands
 u - a wand of paralysis (13)
   (You found it on level 7 of the Dungeon)
 v - a wand of digging (10)
   (You took it off Blork the orc on level 4 of the Dungeon)
 x - a wand of acid (22)
   (You found it on level 2 of the Lair of Beasts)
Scrolls
 i - 11 scrolls of teleportation {@r4}
 k - a scroll of fear
 m - 2 scrolls of blinking
 y - 6 scrolls of amnesia
 C - 6 scrolls of remove curse {@r2}
 F - 2 scrolls of immolation {!r}
 I - 4 scrolls of magic mapping
 Q - 2 scrolls of torment {!r}
 Y - 5 scrolls of identify {@r1}
Potions
 b - 2 potions of resistance
 h - a potion of invisibility
 j - a potion of ambrosia
 l - a potion of flight
 p - 8 potions of lignification {!q}
 q - 3 potions of berserk rage
 s - 7 potions of curing {@q1}
 w - a potion of heal wounds {@q2}
 z - a potion of agility
 D - 2 potions of haste {@q3}
 G - 7 potions of mutation {!q}
 J - 4 potions of brilliance
 L - 3 potions of might
 P - a potion of cancellation
Books
 S - a manual of Charms {!d}
   (You found it on level 6 of the Lair of Beasts)
Miscellaneous
 U - a phial of floods
   (You found it on level 6 of the Lair of Beasts)
Comestibles
 e - 52 rations {!d}


   Skills:
 * Level 14.8 Fighting
 + Level 15.2(18.7) Polearms
 + Level 10.2 Throwing
 + Level 6.4 Armour
 + Level 13.0 Dodging
 - Level 4.0(6.4) Shields
 + Level 8.8 Spellcasting
 - Level 2.0 Conjurations
 - Level 4.0 Summonings
 - Level 10.0 Transmutations
 + Level 6.0 Ice Magic
 - Level 2.0 Air Magic
 - Level 8.0 Poison Magic
 + Level 7.6 Evocations


You had 6 spell levels left.
You knew the following spells:

 Your Spells              Type           Power        Failure   Level  Hunger
a - Yara's Violent Unrav  Hex/Tmut       ###.......   100%        5    #####..
b - Ozocubu's Refrigerat  Ice            ###.......   100%        6    #######
d - Freezing Cloud        Conj/Ice/Air   ###.......   100%        6    #######
f - Mephitic Cloud        Conj/Pois/Air  ###.....     99%         3    ##.....
x - Call Imp              Summ           ###.....     94%         2    None
y - Olgreb's Toxic Radia  Pois           ####....     97%         4    ####...

Your spell library contained the following spells:

 Spells                   Type           Power        Failure   Level  Hunger
 Sting                    Conj/Pois      ###.         71%         1    None
 Poisonous Vapours        Pois/Air       ###...       85%         2    None
 Ice Form                 Ice/Tmut       ####....     96%         4    ####...
 Magic Dart               Conj           ##..         98%         1    None
 Searing Ray              Conj           ##....       99%         2    None
 Confusing Touch          Hex            #.....       100%        1    None
 Blink                    Tloc           N/A          100%        2    None
 Slow                     Hex            #.......     100%        2    None
 Confuse                  Hex            #.......     100%        3    ##.....
 Conjure Flame            Conj/Fire      #.......     100%        3    ##.....
 Dazzling Spray           Conj/Hex       #.....       100%        3    ##.....
 Gell's Gravitas          Tloc           #.........   100%        3    ##.....
 Force Lance              Conj/Tloc      #.......     100%        4    ####...
 Fulminant Prism          Conj/Hex       #.........   100%        4    ####...
 Iskenderun's Mystic Bla  Conj           ##......     100%        4    ####...
 Petrify                  Tmut/Erth      ###.....     100%        4    ####...
 Metabolic Englaciation   Hex/Ice        ##........   100%        5    #####..
 Venom Bolt               Conj/Pois      ###.......   100%        5    #####..
 Bolt of Cold             Conj/Ice       ###.......   100%        6    #######
 Simulacrum               Ice/Necr       ##........   100%        6    #######


Dungeon Overview and Level Annotations

Branches:
Dungeon (10/15)            Temple (1/1) D:7            Lair (6/6) D:10
 Shoals (4/4) Lair:4        Snake (2/4) Lair:2        Slime (0/5) Lair:6
    Orc: D:9-12

Altars:
Ashenzari
Cheibriados
Dithmenos
Elyvilon
Fedhas
Gozag
Hepliaklqana
Kikubaaqudgha
Makhleb
Nemelex Xobeh
Okawaru
Qazlal
Ru
Sif Muna
Trog
Uskayaw
Vehumet
Wu Jian
Xom
Yredelemnul
Zin
The Shining One
Jiyva
Lugonu

Shops:
D:6 (   D:8 [   D:9 }   Shoals:3 :


Message History

* * * LOW HITPOINT WARNING * * *
The shock serpent bites you but does no damage.
Unknown command.
The mana viper is no longer moving slowly.
You block the shock serpent's attack. The shock serpent bites you.
* * * LOW HITPOINT WARNING * * *
The shock serpent shocks you!
* * * LOW HITPOINT WARNING * * *
You feel sick.
Unknown command.
You fade into invisibility!
The shock serpent shoots out a bolt of lightning at you!
The bolt of electricity hits you!
You are very lightly contaminated with residual magic.
You catch the helpless shock serpent completely off-guard!
You hit the shock serpent.
The shock serpent seems to slow down.
You freeze the shock serpent.
You feel sick.
You are no longer poisoned.
The shock serpent is no longer moving slowly.
The mana viper bites you but does no damage.
You block the mana viper's attack.
The shock serpent shoots out a bolt of lightning at you!
The bolt of electricity hits you!
* * * LOW HITPOINT WARNING * * *
You flicker for a moment.
You block the shock serpent's attack.
The shock serpent shoots out a bolt of lightning past the mana viper!
A black mamba comes into view.
You flicker back into view.
The black mamba hisses angrily.
A naga ritualist comes into view. It is wielding a +0 scimitar of venom.
The naga ritualist shouts!
The anaconda hisses angrily.
The mana viper hisses angrily.
You hear an angry hiss.
The mana viper closely misses you.
The black mamba hisses angrily.
A shock serpent comes into view.
The anaconda barely misses you. x2; The black mamba barely misses you.
You block the anaconda's attack.
The anaconda bites you but does no damage.
The anaconda grabs you.
The anaconda bites you but does no damage.
The anaconda constricts you.
The black mamba bites you but does no damage.
You escape the anaconda's grasp.
You block the black mamba's attack. x2
The shock serpent bites you.
* * * LOW HITPOINT WARNING * * *
The shock serpent shocks you!
You die...

####### ** ** *
##.....## *,##, ,
........## ... ,
#........##
*,....####....[S..# ,
.............N@.#####
,
............SSSSS...#
, #.......S....##S##
,,* ,
####<†.......#†..###
* ,###...#..##.8...#
,* , ,,{
##..##.#...##.# , *
,,{,,#######...#..# *
,,, * {, ,,
,....##..### , * * {
,8....##.....##


You could see an anaconda, a naga ritualist, 2 shock serpents, 2 mana vipers and
3 black mambas.

Vanquished Creatures
  The ghost of Nr616 the Brawler, an adept TrMo of Makhleb (Shoals:3)
  Gastronok (Lair:3)
  Polyphemus (Shoals:3)
  Ilsuiw (Shoals:2)
  The ghost of Tiuhor the Grappler, a journeyman TrFi of Makhleb (Lair:6)
  Louise (Shoals:1)
  3 merfolk javelineers (Shoals:4)
  Josephine (Shoals:1)
  8 merfolk impalers
  A death ooze (Lair:6)
  Fannar (Lair:3)
  2 naga warriors
  A catoblepas (Shoals:3)
  5 hydras
  3 satyrs
  5 merfolk avatars
  3 anacondas
  4 death yaks (Shoals:3)
  A queen ant (Lair:3)
  2 merfolk aquamancers (Shoals:4)
  A two-headed ogre (D:8)
  2 alligator snapping turtles
  3 shock serpents (Snake:1)
  Nergalle (Lair:3)
  12 sea snakes
  A naga ritualist (Snake:1)
  7 harpies (Shoals:3)
  4 mana vipers
  4 manticores
  13 fauns
  2 oklob plants
  17 elephants
  A salamander (Snake:1)
  2 cyclopes (Shoals:3)
  11 merfolk sirens
  11 black mambas
  4 naga magi
  A gargoyle (D:8)
  4 water nymphs
  10 spiny frogs
  A rime drake (Lair:6)
  6 komodo dragons
  A spectral harpy (Shoals:3)
  2 spectral merfolk (Shoals:3)
  A spectral water nymph (Shoals:3)
  7 wind drakes
  3 hornets (Lair:6)
  2 trolls (D:9)
  6 polar bears (Lair:6)
  25 merfolk
  4 slime creatures (Lair:6)
  12 blink frogs
  10 snapping turtles
  14 dream sheep
  11 hippogriffs
  4 water elementals
  10 spriggans (Lair:6)
  30 yaks
  5 wraiths (Shoals:1)
  2 sea snake simulacra (Shoals:3)
  2 wargs (D:9)
  5 soldier ants (Lair:3)
  10 nagas
  10 water moccasins
  11 porcupines
  3 orc warriors
  4 black bears
  An ice beast (D:4)
  2 sky beasts
  A necrophage (D:7)
  2 ogres (D:5)
  23 wolves
  5 boggarts (Lair:6)
  10 centaurs
  A wind drake simulacrum (Shoals:3)
  4 big kobolds
  9 crocodiles
  Blork the orc (D:4)
  19 bullfrogs
  4 water moccasin zombies (Ossuary)
  A wyvern skeleton (D:9)
  A scorpion (D:9)
  A water moccasin skeleton (D:6)
  2 manticore simulacra (Shoals:3)
  5 wights
  A howler monkey (D:7)
  An electric eel (Lair:3)
  6 crimson imps
  A hippogriff simulacrum (Shoals:3)
  4 jellies
  6 orc priests
  3 hounds
  2 iguanas
  A cyclops simulacrum (Shoals:3)
  8 orc wizards
  9 worker ants
  A big kobold zombie (Ossuary)
  A hound zombie (D:7)
  2 mummies (Ossuary)
  A howler monkey zombie (D:8)
  A worker ant zombie (D:5)
  13 adders
  8 gnolls
  2 shadow imps
  An ooze (D:2)
  4 adder zombies (Ossuary)
  2 adder skeletons
  4 worms
  3 dart slugs
  8 leopard geckos
  24 orcs
  4 bats
  6 giant cockroaches
  15 goblins
  11 hobgoblins
  3 jackals (D:1)
  22 kobolds
  A quokka (D:7)
  3 ball pythons
  4 frilled lizards
  5 gnoll zombies (Ossuary)
  3 hobgoblin zombies (Ossuary)
  6 kobold zombies (Ossuary)
  A leopard gecko zombie (D:8)
  2 orc zombies (Ossuary)
  10 rats
  2 fungi
  4 plants
669 creatures vanquished.

Vanquished Creatures (collateral kills)
  A merfolk avatar (Shoals:3)
  A merfolk (Shoals:3)
  2 dream sheep (Lair:4)
  A hippogriff (Lair:4)
5 creatures vanquished.

Vanquished Creatures (others)
  A kobold (D:8)
  8 fungi
  25 plants
34 creatures vanquished.

Grand Total: 708 creatures vanquished

Notes
Turn   | Place    | Note
-------+----------+-------------------------------------------
     0 | D:1      | MalarOregon the Merfolk Gladiator began the quest for the
                  | Orb.
     0 | D:1      | Reached XP level 1. HP: 16/16 MP: 1/1
    76 | D:1      | Reached XP level 2. HP: 14/23 MP: 2/2
   551 | D:1      | Reached XP level 3. HP: 20/28 MP: 3/3
   574 | D:1      | Reached skill level 5 in Polearms
   770 | D:2      | Found a hide-covered altar of Uskayaw.
  1032 | D:2      | Reached XP level 4. HP: 31/35 MP: 4/4
  1271 | D:2      | Found a deep blue altar of Sif Muna.
  1348 | D:3      | Found a snail-covered altar of Cheibriados.
  1525 | D:3      | Found a hazy altar of Hepliaklqana.
  1526 | D:3      | Found a bloodstained altar of Trog.
  1647 | D:3      | Found a shattered altar of Ashenzari.
  1661 | D:3      | Became a worshipper of Ashenzari the Shackled
  2138 | D:4      | Found a shadowy altar of Dithmenos.
  2243 | D:4      | Reached XP level 5. HP: 9/41 MP: 5/5
  2611 | D:4      | Found a radiant altar of Vehumet.
  2771 | D:4      | Reached skill level 1 in Shields
  2922 | D:4      | Got the whip "Vyrob" {venom, *Rage Int+3 Dex+4 Stlth+}
  2975 | D:4      | Reached skill level 1 in Armour
  3031 | D:4      | Noticed Blork the orc
  3033 | D:4      | Reached skill level 6 in Polearms
  3033 | D:4      | Reached XP level 6. HP: 40/48 MP: 6/6
  3046 | D:4      | Killed Blork the orc
  3318 | D:4      | Reached skill level 5 in Dodging
  3428 | D:4      | Found an ancient bone altar of Kikubaaqudgha.
  3432 | D:4      | Found a blossoming altar of Fedhas.
  3520 | D:5      | Entered Level 5 of the Dungeon
  3520 | D:5      | Noticed a sky beast
  3528 | D:4      | Killed a sky beast
  3528 | D:4      | Reached XP level 7. HP: 55/55 MP: 7/7
  3751 | D:5      | Reached skill level 7 in Polearms
  3820 | D:5      | Reached skill level 5 in Fighting
  3852 | D:5      | Reached XP level 8. HP: 62/62 MP: 8/8
  4082 | D:5      | Reached * piety under Ashenzari
  4187 | D:5      | Found a stormy altar of Qazlal.
  4256 | D:5      | Found an ornate altar of the Wu Jian Council.
  4326 | D:6      | Learned a level 2 spell: Call Imp
  4330 | D:6      | Learned a level 3 spell: Mephitic Cloud
  4472 | D:6      | Found Taeted's Weapon Boutique.
  4526 | D:6      | Reached skill level 8 in Polearms
  4554 | D:5      | Found a white marble altar of Elyvilon.
  4713 | D:6      | Reached skill level 1 in Poison Magic
  4713 | D:6      | Reached skill level 1 in Evocations
  4729 | D:6      | Reached skill level 1 in Summonings
  4734 | D:6      | Reached skill level 1 in Spellcasting
  5163 | D:7      | Reached XP level 9. HP: 69/69 MP: 10/10
  5180 | D:7      | Found a sand-covered staircase.
  5184 | Ossuary  | Entered an ossuary
  5656 | D:7      | Reached skill level 1 in Air Magic
  5735 | D:7      | Found a staircase to the Ecumenical Temple.
  5749 | Temple   | Entered the Ecumenical Temple
  5952 | D:7      | Reached skill level 1 in Conjurations
  6226 | D:7      | Reached skill level 9 in Polearms
  6414 | D:8      | Noticed a gargoyle
  6847 | D:8      | Noticed a two-headed ogre
  6877 | D:8      | Killed a two-headed ogre
  6877 | D:8      | Reached XP level 10. HP: 79/79 MP: 13/13
  6921 | D:8      | Found Teiddy's Antique Armour Boutique.
  6929 | D:8      | Bought a translucent ring mail for 198 gold pieces
  6929 | D:8      | Identified the +5 ring mail "Foapnuxo" {Str+4 Int+2} (You
                  | bought it in a shop on level 8 of the Dungeon)
  6929 | D:8      | Bought a pair of glowing gloves for 165 gold pieces
  7106 | D:8      | Identified the +9 hand crossbow of Qowoemn {elec, +Fly
                  | Dex+4}
  7281 | D:8      | Killed a gargoyle
  7394 | D:8      | Reached ** piety under Ashenzari
  7510 | D:8      | Reached skill level 10 in Polearms
  7737 | D:9      | Reached skill level 5 in Throwing
  7966 | D:9      | Found a deep blue altar of Sif Muna.
  8046 | D:9      | Found Taafino's Gadget Shop.
  8333 | D:10     | Entered Level 10 of the Dungeon
  8830 | D:10     | Found a staircase to the Lair.
  9374 | D:10     | Reached XP level 11. HP: 86/86 MP: 15/15
  9741 | Lair:1   | Entered Level 1 of the Lair of Beasts
  9881 | Lair:1   | Reached skill level 11 in Polearms
 10110 | Lair:1   | Reached *** piety under Ashenzari
 11325 | Lair:2   | Found a staircase to the Snake Pit.
 11661 | Lair:2   | Reached skill level 5 in Poison Magic
 12414 | Lair:2   | Reached XP level 12. HP: 58/97 MP: 18/18
 12840 | Lair:3   | Noticed an eight-headed hydra
 12856 | Lair:3   | Killed an eight-headed hydra
 12856 | Lair:3   | Reached skill level 10 in Fighting
 13230 | Lair:3   | Noticed Gastronok
 13255 | Lair:3   | Killed Gastronok
 13255 | Lair:3   | Reached skill level 5 in Spellcasting
 13375 | Lair:3   | Noticed Fannar
 13432 | Lair:3   | Killed Fannar
 13600 | Lair:3   | Noticed Nergalle
 13625 | Lair:3   | Killed Nergalle
 13636 | Lair:3   | Noticed a four-headed hydra
 13656 | Lair:3   | Killed a four-headed hydra
 13656 | Lair:3   | Reached skill level 12 in Polearms
 14214 | Lair:3   | Reached skill level 5 in Armour
 14647 | Lair:3   | Noticed a queen ant
 14668 | Lair:3   | Killed a queen ant
 15153 | Lair:4   | Found a staircase to the Shoals.
 15340 | Lair:4   | Reached XP level 13. HP: 104/106 MP: 8/21
 15351 | Lair:4   | Reached skill level 10 in Dodging
 15941 | Lair:4   | Reached **** piety under Ashenzari
 17143 | Lair:5   | Learned a level 4 spell: Olgreb's Toxic Radiance
 17149 | Lair:5   | Learned a level 5 spell: Yara's Violent Unravelling
 17611 | Lair:6   | Entered Level 6 of the Lair of Beasts
 17680 | Lair:6   | Reached skill level 1 in Transmutations
 17700 | Lair:6   | Reached skill level 13 in Polearms
 18265 | Lair:6   | Reached XP level 14. HP: 108/116 MP: 23/23
 18419 | Lair:6   | Found a runed gate.
 18419 | Lair:6   | Found a runed gate.
 18419 | Lair:6   | Found a runed gate.
 18422 | Lair:6   | Noticed Tiuhor's ghost (journeyman TrFi)
 18425 | Lair:6   | Found a viscous altar of Jiyva.
 19048 | Lair:6   | Reached skill level 5 in Evocations
 19334 | Lair:6   | Found a viscous altar of Jiyva.
 19335 | Lair:6   | Found a staircase to the Slime Pits.
 19501 | Lair:6   | Learned a level 6 spell: Freezing Cloud
 19508 | Lair:6   | Learned a level 6 spell: Ozocubu's Refrigeration
 19539 | Lair:6   | Identified the +7 whip "Vyrob" {venom, *Rage Int+3 Dex+4
                  | Stlth+} (You found it on level 4 of the Dungeon)
 19600 | Shoals:1 | Entered Level 1 of the Shoals
 19648 | Shoals:1 | Noticed Louise
 19697 | Shoals:1 | Reached skill level 5 in Transmutations
 20170 | Shoals:1 | Reached skill level 1 in Ice Magic
 21002 | Shoals:1 | Noticed Josephine
 21110 | Shoals:1 | Killed Josephine
 22117 | Shoals:2 | Reached ***** piety under Ashenzari
 22595 | Shoals:2 | Noticed Ilsuiw
 22885 | Shoals:2 | Killed Ilsuiw
 22885 | Shoals:2 | Reached XP level 15. HP: 89/124 MP: 3/26
 23127 | Shoals:3 | Reached skill level 14 in Polearms
 24545 | Shoals:1 | Killed Louise
 24643 | Shoals:3 | Found a runed gate.
 24643 | Shoals:3 | Found a runed gate.
 24643 | Shoals:3 | Found a runed gate.
 24647 | Shoals:3 | Noticed Nr616's ghost (adept TrMo)
 24852 | Shoals:3 | Noticed Polyphemus
 25257 | Shoals:3 | Killed Polyphemus
 25964 | Shoals:3 | Found Noet's Book Emporium.
 25994 | Shoals:4 | Entered Level 4 of the Shoals
 26770 | Shoals:4 | Identified the ring "Haatwul" {rElec SInv}
 27358 | Shoals:4 | Identified the +9 plate armour "Wulup" {rPois}
 27473 | Shoals:3 | Reached XP level 16. HP: 82/133 MP: 28/28
 28107 | Shoals:4 | Reached skill level 5 in Ice Magic
 28342 | Shoals:4 | Reached skill level 10 in Transmutations
 28777 | Shoals:4 | Got a barnacled rune of Zot
 29079 | Shoals:3 | Killed Nr616's ghost
 29483 | Lair:6   | Reached skill level 15 in Polearms
 29503 | Lair:6   | Killed Tiuhor's ghost
 29854 | Snake:1  | Entered Level 1 of the Snake Pit
 29867 | Snake:1  | Reached skill level 10 in Throwing
 29871 | Snake:1  | Found a glowing golden altar of the Shining One.
 31383 | Snake:1  | Found a glowing golden altar of the Shining One.
 31888 | Snake:2  | Noticed a nagaraja
 32251 | Snake:2  | Slain by a shock serpent

Vault maps used:
D:1:      dpeg_arrival_rooms_with_view
D:2:      led_sif_pool, old_standard_altar
D:3:      nicolae_overflow_crystal_walls, old_standard_altar,
          nicolae_overflow_hidden_temple
D:4:      corexii_shantytown, grunt_temple_overflow_growth_and_decay,
          vehumet_crystals, overflow_temple_1_default, first_ration,
          uniq_blork_the_orc
D:5:      lemuel_upstairs_altar, minitemple, minmay_tree_intersection,
          minmay_between
D:6:      serial_shops, shop, minmay_misc_feat_x
D:7:      minmay_temple_entry_hall, enter_ossuary_5
D:8:      serial_shops, shop, minmay_unpleasant_kobolds
D:9:      basic_altar, serial_shops, shop
D:10:     erik_lair_orcish_takeover, hangedman_fish_farm
Temple:   corrupted_temple
Lair:1:   lemuel_another_geyser
Lair:2:   guppyfry_snake_entry_island, grunt_megastairs_2,
          infiniplex_staircase_pool
Lair:3:   wad_woods_antlair, serial_bayou_shore_a, serial_bayou_shore_b,
          minmay_lair_oklob_chamber, grunt_megastairs_5, uniq_fannar,
          uniq_nergalle, uniq_gastronok
Lair:4:   minmay_shoals_entry_centaurs
Lair:6:   minmay_lair_end_enchanted_forest, dpeg_slime_entry_enclosed_altar,
          gammafunk_ghost_ooze
Shoals:1: uniq_josephine, uniq_louise
Shoals:2: uniq_ilsuiw
Shoals:3: gammafunk_ghost_necromancy, serial_shops, shop, uniq_polyphemus
Shoals:4: shoals_end_simple
Snake:1:  basic_altar, nicolae_coiled_stairwell_down
Snake:2:  grunt_megastairs_4, minmay_shop_star
Ossuary:  ossuary_tomb_2

Skill      XL: |  1  2  3  4  5  6  7  8  9 10 11 12 13 14 15 16 |
---------------+-------------------------------------------------+-----
Polearms       | 5 6 7 8 9 10 11 12 13 14 15 | 15.2
Fighting       | 3 4 5 6 7 8 9 11 12 13 14 | 14.8
Shields        | 1 2 3 4 |  4.0
Armour         | 1 2 3 4 5 6 |  6.4
Throwing       | 3 4 5 6 7 8 9 10 | 10.2
Dodging        | 5 6 7 8 9 10 11 12 13 | 13.0
Poison Magic   | 1 2 3 5 6 7 8 |  8.0
Evocations     | 1 2 3 4 5 6 7 |  7.6
Summonings     | 1 2 3 4 |  4.0
Spellcasting   | 1 2 3 4 5 6 7 8 |  8.8
Air Magic      | 1 2 |  2.0
Conjurations   | 2 |  2.0
Transmutations | 3 6 9 10 | 10.0
Ice Magic      | 2 4 6 |  6.0

Action                   |  1- 3 |  4- 6 |  7- 9 | 10-12 | 13-15 | 16-18 || total
-------------------------+-------+-------+-------+-------+-------+-------++-------
Melee: Trident           |    95 |    89 |       |       |       |       ||   184
       Spear             |       |   130 |   521 |  1163 |  1375 |       ||  3189
       Tailslap          |       |       |       |    22 |    69 |    22 ||   113
       Demon trident     |       |       |       |       |   275 |   465 ||   740
Throw: Tomahawk          |       |     1 |    13 |    16 |    91 |       ||   121
       Javelin           |       |       |       |       |       |    37 ||    37
 Cast: Call Imp          |       |       |       |    10 |    21 |       ||    31
       Mephitic Cloud    |       |       |       |     1 |    23 |     7 ||    31
       Olgreb's Toxic Ra |       |       |       |       |   100 |    17 ||   117
Invok: Curse Item        |       |       |     1 |     1 |     5 |       ||     7
Evoke: Wand              |       |       |       |     5 |     5 |     4 ||    14
       Phial of floods   |       |       |       |       |     2 |       ||     2
  Use: Scroll            |       |     7 |    10 |     7 |    16 |     4 ||    44
       Potion            |       |     2 |       |     3 |     3 |     9 ||    17
 Stab: Sleeping          |     1 |    11 |    20 |    15 |     4 |       ||    51
       Invisible         |       |     1 |       |       |       |     1 ||     2
       Distracted        |       |       |     2 |     3 |     7 |       ||    12
       Paralysed         |       |       |       |     9 |     3 |       ||    12
       Confused          |       |       |       |       |    19 |     9 ||    28
  Eat: Chunk             |       |     9 |     7 |    28 |    43 |     8 ||    95
       Ration            |       |       |     1 |       |     3 |     3 ||     7
Armor: Leather armour    |     8 |    29 |    53 |     1 |       |       ||    91
       Ring mail         |       |       |       |   175 |   393 |    25 ||   593
       Plate armour      |       |       |       |       |       |   139 ||   139
Dodge: Dodged            |    58 |    86 |   139 |   344 |  1023 |   186 ||  1836
Block: Buckler           |       |    28 |    79 |   211 |   531 |   148 ||   997

Table legend:
 A = Non-vault XP
 B = Vault XP
 C = Vault XP percentage of total XP
 D = Non-vault monster count
 E = Vault monster count
 F = Vault count percentage of total count
                 A         B        C        D         E       F
            +---------+---------+-------+---------+---------+-------
      Total |  109629 |   60936 |  35.7 |     446 |     223 |  33.3
            +---------+---------+-------+---------+---------+-------
        D:1 |      50 |       3 |   5.7 |      20 |       2 |   9.1
        D:2 |      39 |       0 |   0.0 |      19 |       0 |   0.0
        D:3 |      23 |       0 |   0.0 |      12 |       0 |   0.0
        D:4 |     456 |     221 |  32.6 |      22 |      32 |  59.3
        D:5 |     611 |     172 |  22.0 |      19 |       4 |  17.4
        D:6 |     655 |       0 |   0.0 |      14 |       0 |   0.0
        D:7 |     740 |       0 |   0.0 |      13 |       0 |   0.0
        D:8 |    2474 |     205 |   7.7 |      28 |       6 |  17.6
        D:9 |    1750 |     466 |  21.0 |      17 |       4 |  19.0
       D:10 |     906 |     395 |  30.4 |      12 |       5 |  29.4
     Lair:1 |    2410 |       0 |   0.0 |      16 |       0 |   0.0
     Lair:2 |    3555 |    2210 |  38.3 |      20 |       9 |  31.0
     Lair:3 |    5218 |    7123 |  57.7 |      18 |      19 |  51.4
     Lair:4 |    3793 |     448 |  10.6 |      19 |       4 |  17.4
     Lair:5 |    8373 |       0 |   0.0 |      26 |       0 |   0.0
     Lair:6 |   15660 |   10358 |  39.8 |      44 |      47 |  51.6
   Shoals:1 |   10755 |    3902 |  26.6 |      20 |       8 |  28.6
   Shoals:2 |    9728 |    2916 |  23.1 |      20 |       4 |  16.7
   Shoals:3 |   20098 |   11579 |  36.6 |      43 |      19 |  30.6
   Shoals:4 |    4837 |   20369 |  80.8 |      11 |      32 |  74.4
    Snake:1 |   12350 |     157 |   1.3 |      23 |       1 |   4.2
    Snake:2 |    5148 |       0 |   0.0 |      10 |       0 |   0.0
    Ossuary |       0 |     412 | 100.0 |       0 |      27 | 100.0
            +---------+---------+-------+---------+---------+-------
